 Dungeon Crawl Stone Soup version 0.28-a0-297-g99b01970c5 (webtiles) character file.

Game seed: 5080721467685044058

217 Gargoyl the Chopper (level 5, -1/47 HPs)
             Began as a Gnoll Cinder Acolyte on Aug 29, 2021.
             Was an Initiate of Ignis.
             Splashed by a jelly's acid (8 damage)
             ... on level 3 of the Dungeon.
             The game lasted 00:03:56 (3201 turns).

Gargoyl the Chopper (Gnoll Cinder Acolyte)          Turns: 3201, Time: 00:03:57

Health: -1/47      AC: -4    Str: 15    XL:     5   Next: 94%
Magic:  9/9        EV: 11    Int: 12    God:    Ignis [......]
Gold:   147        SH:  0    Dex:  8    Spells: 9/10 levels left

rFire   + . .      SeeInvis .   a - -1 hand axe (flame)
rCold   . . .      Faith    .   (no shield)
rNeg    . . .      Spirit   .   e - +1 robe {Will+}
rPois   .          Reflect  .   (no helmet)
rElec   .          Harm     .   (no cloak)
rCorr   .          Rampage  .   (no gloves)
Will    +....                   (no boots)
Stlth   +.........              (no amulet)
HPRegen 0.15/turn               (no ring)
MPRegen 0.11/turn               (no ring)

@: corroded
A: fangs 1, strong nose, distributed training
a: Renounce Religion


You were on level 3 of the Dungeon.
You worshipped Ignis.
Ignis was noncommittal.
You visited 1 branch of the dungeon, and saw 4 of its levels.

You collected 147 gold pieces.

Inventory:

Hand Weapons
 a - a -1 hand axe of flaming (weapon)
Armour
 e - a +1 robe of willpower (worn)
Jewellery
 b - an amulet of faith
Scrolls
 c - a scroll of identify {unknown}
 d - a scroll of teleportation
 f - a scroll of immolation {unknown}
Potions
 h - a potion of magic


   Skills:
 + Level 6.7 Fighting
 + Level 1.7 Short Blades
 + Level 1.7 Long Blades
 + Level 6.7 Axes
 + Level 1.7 Maces & Flails
 + Level 1.7 Polearms
 + Level 1.7 Staves
 + Level 1.7 Slings
 + Level 1.7 Bows
 + Level 1.7 Crossbows
 + Level 1.7 Throwing
 + Level 1.7 Armour
 + Level 1.7 Dodging
 + Level 1.7 Stealth
 + Level 1.7 Shields
 + Level 1.7 Unarmed Combat
 + Level 3.3 Spellcasting
 + Level 1.3 Conjurations
 + Level 1.3 Hexes
 + Level 1.3 Summonings
 + Level 1.3 Necromancy
 + Level 1.3 Translocations
 + Level 1.3 Transmutations
 + Level 2.5 Fire Magic
 + Level 1.3 Ice Magic
 + Level 1.3 Air Magic
 + Level 1.3 Earth Magic
 + Level 1.3 Poison Magic
 + Level 1.9 Invocations
 + Level 1.7 Evocations


You had 9 spell levels left.
You knew the following spells:

 Your Spells              Type           Power      Damage    Failure   Level
a - Foxfire               Conj/Fire      24%        2x1d5     11%         1

Your spell library contained the following spells:

 Spells                   Type           Power      Damage    Failure   Level
 Beastly Appendage        Tmut           10%        N/A       14%         1
 Wereblood                Tmut           5%         N/A       21%         2
 Spider Form              Tmut/Pois      2%         N/A       38%         3


Dungeon Overview and Level Annotations

Branches:
Dungeon (4/15)
 Temple: D:4-7

Altars:
Sif Muna


Innate Abilities, Weirdness & Mutations

You have very sharp teeth.
Your uncanny sense of smell can sniff out nearby items.
Your experience applies equally to all skills.


Message History

You see here a +0 hat.
Okay, then.
You hit the jelly but do no damage.
Your hands burn!
The jelly hits you but does no damage.
You hit the jelly but do no damage. The acid corrodes you!
Your hands burn!
The jelly closely misses you.
You hit the jelly. You burn the jelly.
Your hands burn!
The jelly is lightly wounded.
You hit the kobold. You burn the kobold. The kobold closely misses you.
The jelly barely misses you.
Unknown command.
You hit the jelly but do no damage.
Your hands burn!
The jelly is lightly wounded.
You hit the kobold but do no damage. The kobold hits you with a +0 whip.
The jelly hits you.
You are splashed with acid!
Unknown command.
You hit the jelly. You burn the jelly.
Your hands burn!
* * * LOW HITPOINT WARNING * * *
You bite the jelly, but do no damage.
The jelly is moderately wounded.
You barely miss the kobold.
The frilled lizard hisses angrily.
The kobold hits you with a +0 whip.
* * * LOW HITPOINT WARNING * * *
It was a potion of heal wounds.
You feel much better. The jelly closely misses you.
The kobold hits you with a +0 whip.
It was a potion of magic.
Magic courses through your body. The jelly hits you. The acid corrodes you!
You are splashed with acid!
The kobold hits you with a +0 whip.
* * * LOW HITPOINT WARNING * * *
Unknown command.
Okay, then.
Okay, then.
You hit the jelly but do no damage.
Your hands burn!
* * * LOW HITPOINT WARNING * * *
The jelly is moderately wounded.
You hit the kobold but do no damage. The jelly hits you.
* * * LOW HITPOINT WARNING * * *
The acid corrodes you!
You are splashed with acid!
You die...

..# ∆ ...# #..#......# #
....# #..#......# ##.....'
#..#......# .......#
##..#...... .......#
........# .......#
#####...#l# #.### .......#
..........## ..... ......[#
.......@...# .... .......#
..^...JK...###..# .......#
...........#....# 8
......................8###...
.≈≈.≈§.........#...'..._.
.≈≈§≈≈.#.##....#..8###..
.≈☼§≈≈.#. #....##....#
.○☼≈°○.. #....##.#..#####.
.≈≈≈§≈. #....##.#........


You could see a jelly, a kobold and a frilled lizard.

Vanquished Creatures
  A water moccasin skeleton (D:3)
  An orc priest (D:3)
  Jessica (D:2)
  A hound skeleton (D:4)
  2 adders
  2 worms
  4 dart slugs
  5 orcs
  7 bats
  4 endoplasms
  4 giant cockroaches
  9 goblins
  2 hobgoblins
  4 quokkas
  8 ball pythons
  2 frilled lizards
  3 kobolds
  2 rats
62 creatures vanquished.

Vanquished Creatures (others)
  42 foxfires
42 creatures vanquished.

Grand Total: 104 creatures vanquished

Notes
Turn   | Place    | Note
-------+----------+-------------------------------------------
     0 | D:1      | Gargoyl the Gnoll Cinder Acolyte began the quest for the
                  | Orb.
     0 | D:1      | Reached XP level 1. HP: 23/23 MP: 4/4
   405 | D:1      | Reached XP level 2. HP: 18/29 MP: 5/5
  1046 | D:1      | Reached XP level 3. HP: 33/35 MP: 7/7
  1392 | D:2      | Reached skill level 1 in Invocations
  1685 | D:2      | Reached skill level 1 in Short Blades
  1685 | D:2      | Reached skill level 1 in Long Blades
  1685 | D:2      | Reached skill level 1 in Maces & Flails
  1685 | D:2      | Reached skill level 1 in Polearms
  1685 | D:2      | Reached skill level 1 in Staves
  1685 | D:2      | Reached skill level 1 in Slings
  1685 | D:2      | Reached skill level 1 in Bows
  1685 | D:2      | Reached skill level 1 in Crossbows
  1685 | D:2      | Reached skill level 1 in Throwing
  1685 | D:2      | Reached skill level 1 in Armour
  1685 | D:2      | Reached skill level 1 in Dodging
  1685 | D:2      | Reached skill level 1 in Stealth
  1685 | D:2      | Reached skill level 1 in Shields
  1685 | D:2      | Reached skill level 1 in Unarmed Combat
  1685 | D:2      | Reached skill level 1 in Evocations
  1699 | D:2      | Reached XP level 4. HP: 40/41 MP: 8/8
  1792 | D:2      | Noticed Jessica
  1795 | D:2      | Killed Jessica
  1796 | D:2      | Reached skill level 1 in Conjurations
  1796 | D:2      | Reached skill level 1 in Hexes
  1796 | D:2      | Reached skill level 1 in Summonings
  1796 | D:2      | Reached skill level 1 in Necromancy
  1796 | D:2      | Reached skill level 1 in Translocations
  1796 | D:2      | Reached skill level 1 in Transmutations
  1796 | D:2      | Reached skill level 1 in Ice Magic
  1796 | D:2      | Reached skill level 1 in Air Magic
  1796 | D:2      | Reached skill level 1 in Earth Magic
  1796 | D:2      | Reached skill level 1 in Poison Magic
  1930 | D:3      | Reached XP level 5. HP: 30/47 MP: 9/9
  2317 | D:2      | You fall into a shaft and drop 2 floors!
  2538 | D:4      | Noticed a water moccasin
  3073 | D:3      | Found a shimmering blue altar of Sif Muna.
  3188 | D:3      | Found a faded altar of an unknown god.
  3201 | D:3      | Splashed by a jelly's acid

Illustrated notes

Levels and vault maps discovered:
D:1:      dpeg_arrival_rooms_with_view, layout_loops_cross,
          chequers_mini_garden, minmay_misc_feat_diagonals, serial_bayou_pond_d,
          st_stairs_1
D:2:      layout_basic, minmay_strange_pillars, uniq_jessica
D:3:      layout_basic, nicolae_sif_muna_condensation, portal_sewer_entry_d,
          dreamdust_ecumenical_altar_angels_and_demons
D:4:      layout_gridville, lemuel_mausoleum_altar_kikubaaqudgha,
          xom_butterflies

Skill      XL: |  1  2  3  4 |
---------------+-------------+-----
Fire Magic     | 2 |  2.5
Invocations    | 1 |  1.9
Short Blades   | 1 |  1.7
Long Blades    | 1 |  1.7
Maces & Flails | 1 |  1.7
Polearms       | 1 |  1.7
Staves         | 1 |  1.7
Slings         | 1 |  1.7
Bows           | 1 |  1.7
Crossbows      | 1 |  1.7
Throwing       | 1 |  1.7
Armour         | 1 |  1.7
Dodging        | 1 |  1.7
Stealth        | 1 |  1.7
Shields        | 1 |  1.7
Unarmed Combat | 1 |  1.7
Evocations     | 1 |  1.7
Spellcasting   | 3 |  3.3
Conjurations   | 1 |  1.3
Hexes          | 1 |  1.3
Summonings     | 1 |  1.3
Necromancy     | 1 |  1.3
Translocations | 1 |  1.3
Transmutations | 1 |  1.3
Ice Magic      | 1 |  1.3
Air Magic      | 1 |  1.3
Earth Magic    | 1 |  1.3
Poison Magic   | 1 |  1.3
Fighting       | |  6.7
Axes           | |  6.7

Action                   |  1- 3 |  4- 6 || total
-------------------------+-------+-------++-------
Melee: Hand axe          |   123 |    68 ||   191
       Bite              |     6 |     5 ||    11
Invok: Sea of Fire       |     1 |     1 ||     2
       Foxfire Swarm     |     1 |     3 ||     4
       Rising Flame      |       |     2 ||     2
  Use: Scroll            |       |     3 ||     3
       Potion            |       |     2 ||     2
 Stab: Sleeping          |       |     3 ||     3
Armor: Robe              |    36 |    16 ||    52
Dodge: Dodged            |   102 |    66 ||   168

Table legend: (Time is in decaauts)
 A = Elapsed time spent in this place.
 B = Non-inter-level travel time spent in this place.
 C = Inter-level travel time spent in this place.
 D = Time resting spent in this place.
 E = Time spent auto-exploring this place.
 F = Levels seen in this place.
 G = Mean time per level.
                   A        B        C        D        E       F      G
               +--------+--------+--------+--------+--------+-----+--------+
         Total |   3198 |   3124 |     74 |    648 |   1908 |   4 |  799.5 |
       Dungeon |   3198 |   3124 |     74 |    648 |   1908 |   4 |  799.5 |
               +--------+--------+--------+--------+--------+-----+--------+

Top non-repeatable levels by time:
     D:1: 1246 daAuts
     D:2: 965 daAuts
     D:3: 764 daAuts
     D:4: 221 daAuts
